 Dungeon Crawl Stone Soup version 0.18.1-50-g88ac8fd (webtiles) character file.

753 Nordron the Firebug (level 7, -1/39 HPs)
             Began as a Gargoyle Fire Elementalist on Sept 23, 2016.
             Slain by Edmund
             ... wielding a +6 flail of crushing
              (8 damage)
             ... on level 4 of the Dungeon.
             The game lasted 00:25:15 (3077 turns).

Nordron the Firebug (Gargoyle Fire Elementalist)    Turns: 3077, Time: 00:25:16

Health: -1/39      AC:  8    Str: 11    XL:     7   Next: 78%
Magic:  0/14       EV: 12    Int: 18    God:
Gold:   245        SH:  0    Dex: 10    Spells: 3 memorised, 7 levels left

rFire  . . .     SeeInvis .     y - +1 whip (freeze)
rCold  + . .     Gourm    .     a - +0 robe
rNeg   + + .     Faith    .     (no shield)
rPois  ∞         Spirit   .     (no helmet)
rElec  +         Dismiss  .     s - +0 cloak
rCorr  .         Reflect  .     (no gloves)
SustAt .         Harm     .     p - +0 pair of boots
MR     .....                    (no amulet)
Stlth  ++........               t - ring of positive energy
                                q - ring of protection from cold

@: not resistant to hostile enchantments, unstealthy
A: negative energy resistance 1, electricity resistance, unbreathing,
petrification resistance, rot immunity, AC +4
a: no special abilities


You were on level 4 of the Dungeon.
You were not hungry.

You visited 1 branch of the dungeon, and saw 4 of its levels.

You collected 245 gold pieces.

Inventory:

Hand Weapons
 i - a +0 short sword of draining
 y - a +1 whip of freezing (weapon)
Armour
 a - a +0 robe (worn)
 p - a +0 pair of boots (worn)
 s - a +0 cloak (worn)
 z - a +0 robe of positive energy
Jewellery
 q - a ring of protection from cold (left hand)
 t - a ring of positive energy (right hand)
Wands
 r - a wand of iceblast (7/15)
Scrolls
 d - a scroll of enchant armour {unknown}
 f - 3 scrolls of amnesia {unknown}
 l - a scroll of recharging {unknown}
 n - 3 scrolls of teleportation {unknown}
 u - a scroll of magic mapping {unknown}
 x - a scroll of identify {unknown}
Potions
 e - a potion of berserk rage {unknown}
 h - a potion of flight {unknown}
 m - a potion of lignification {unknown}
 o - 2 potions of curing {unknown}
 v - a potion of brilliance {unknown}
Books
 b - a book of Flames

   Spells                             Type                      Level
   a - Flame Tongue                   Conjuration/Fire             1
   b - Throw Flame                    Conjuration/Fire             2
   c - Conjure Flame                  Conjuration/Fire             3
   d - Inner Flame                    Hexes/Fire                   3
   e - Sticky Flame                   Conjuration/Fire             4
   f - Fireball                       Conjuration/Fire             5
Comestibles
 c - 4 bread rations
 g - 3 chunks of flesh
 j - 2 meat rations
 k - 2 slices of pizza
 w - 3 fruits


   Skills:
 + Level 1.9 Fighting
 - Level 1.5 Dodging
 - Level 2.1 Stealth
 + Level 4.8 Spellcasting
 + Level 4.2 Conjurations
 * Level 5.9 Fire Magic


You had 7 spell levels left.
You knew the following spells:

 Your Spells              Type           Power        Failure   Level  Hunger
a - Flame Tongue          Conj/Fire      ###..        1%          1    None
b - Conjure Flame         Conj/Fire      ###.....     6%          3    ###....
c - Sticky Flame          Conj/Fire      ###.....     21%         4    ####...


Dungeon Overview and Level Annotations

Branches:
Dungeon (4/15)
 Temple: D:4-7

Altars:
Cheibriados
Dithmenos
Gozag
Kikubaaqudgha
Makhleb
Ru
Sif Muna

Annotations:
D:4 Edmund


Innate Abilities, Weirdness & Mutations

You are resistant to torment.
Your stone body is resilient (AC +4).
You are immune to poison.
You resist negative energy.
You are resistant to electric shocks.
You can survive without breathing.
You are immune to petrification.
You are immune to rotting.


Message History

You hit Edmund but do no damage.
Edmund is almost dead.
Edmund hits you but does no damage.
You completely miss Edmund.
Edmund is almost dead.
Edmund says, "You wouldn't believe how much I paid for this flail."
Edmund barely misses you.
Casting: Flame Tongue
Confirm with . or Enter, or press ? or * to list all spells.
Aiming: Flame Tongue
Press: ? - help, Shift-Dir - straight line, f/p - Edmund
Aim: Edmund, wielding a flail of crushing and wearing a chain mail (almost dead)
The flame tongue misses Edmund.
Edmund hits you with a flail of crushing!
* * * LOW HITPOINT WARNING * * *
x2 You hit Edmund.
You freeze Edmund.
Edmund is almost dead.
Edmund says, "People accused me of being a cutpurse!"
Edmund hits you with a flail of crushing!
You die...

###############
...............
......##.......
......+......
......##.#.##########
....................#
.##.#.#..#.#####.##.#
.##.#.#..#......@##§#
....#p#<....(....@%.#
#####'#####.......###.
..........'...........#
........###.....[.##..#
........+.#..p....# ...
........#.#.......# ##
............#'###)#
###+##........# #..#


You could see Edmund and a neutral freed slave (wandering).

Vanquished Creatures
  Pikel (D:4)
  The ghost of veneficus the Conjurer, an amateur DECj (D:3)
  A hound (D:4)
  Ijyb (D:3)
  A worker ant (D:4)
  7 adders
  An ooze (D:2)
  A worm (D:1)
  3 dart slugs
  A giant gecko (D:1)
  4 orcs
  6 bats
  2 giant cockroaches (D:2)
  10 goblins
  7 hobgoblins
  15 jackals
  2 giant newts (D:1)
  9 kobolds
  7 rats
80 creatures vanquished.

Vanquished Creatures (others)
  A slave (D:4)
  A giant gecko skeleton (D:4)
2 creatures vanquished.

Grand Total: 82 creatures vanquished

Notes
Turn   | Place    | Note
--------------------------------------------------------------
     0 | D:1      | Nordron the Gargoyle Fire Elementalist began the quest for the Orb.
     0 | D:1      | Reached XP level 1. HP: 10/10 MP: 3/3
   132 | D:1      | Reached XP level 2. HP: 8/15 MP: 0/5
   510 | D:1      | Reached XP level 3. HP: 13/19 MP: 0/6
   515 | D:1      | Learned a level 3 spell: Conjure Flame
  1171 | D:2      | Reached skill level 4 in Fire Magic
  1171 | D:2      | Reached XP level 4. HP: 22/24 MP: 1/8
  1278 | D:2      | Learned a level 4 spell: Sticky Flame
  2121 | D:3      | Noticed Ijyb
  2165 | D:3      | Killed Ijyb
  2165 | D:3      | Reached XP level 5. HP: 24/28 MP: 0/9
  2256 | D:3      | Found an opulent altar of Gozag.
  2263 | D:3      | Found a deep blue altar of Sif Muna.
  2268 | D:3      | Found a burning altar of Makhleb.
  2278 | D:3      | Found a sacrificial altar of Ru.
  2282 | D:3      | Found a snail-covered altar of Cheibriados.
  2285 | D:3      | Found a shadowy altar of Dithmenos.
  2290 | D:3      | Found an ancient bone altar of Kikubaaqudgha.
  2383 | D:3      | Noticed veneficus's ghost (amateur DECj)
  2419 | D:3      | Killed veneficus's ghost
  2419 | D:3      | Reached skill level 1 in Fighting
  2419 | D:3      | Reached XP level 6. HP: 7/34 MP: 0/11
  2906 | D:4      | Noticed a slave
  2907 | D:4      | Noticed Pikel
  2918 | D:4      | Noticed a slave
  2943 | D:4      | Noticed a slave
  2948 | D:4      | Noticed a slave
  2974 | D:4      | Killed Pikel
  2974 | D:4      | Reached skill level 5 in Fire Magic
  2974 | D:4      | Reached XP level 7. HP: 15/39 MP: 0/14
  3033 | D:4      | Noticed Edmund
  3077 | D:4      | Slain by Edmund

Skill      XL: |  1  2  3  4  5  6 |
---------------+-------------------+-----
Fire Magic     | 4 5 |  5.9
Conjurations   | 2 4 |  4.2
Spellcasting   | 3 4 |  4.8
Fighting       | 1 |  1.9
Dodging        | |  1.5
Stealth        | |  2.1

Action                   |  1- 3 |  4- 6 |  7- 9 || total
-------------------------+-------+-------+-------++-------
Melee: Unarmed           |    18 |       |       ||    18
       Dagger            |    17 |       |       ||    17
       Short sword       |    29 |    53 |       ||    82
       Whip              |       |       |    10 ||    10
 Cast: Flame Tongue      |    48 |    99 |    12 ||   159
       Conjure Flame     |     1 |     2 |     1 ||     4
  Eat: Chunk             |     2 |     5 |     1 ||     8
Armor: Robe              |    23 |    36 |     1 ||    60
Dodge: Dodged            |    67 |    75 |     6 ||   148
